 Dungeon Crawl Stone Soup version bcrawl-1.12-11-gb93c957c58 (webtiles) character file.

Game seed: 15332712037572578864

645 Banto the Spawn of Chaos (level 7, 0/52 HPs)
             Began as a Formicid Abyssal Knight on June 24, 2019.
             Was an Initiate of Makhleb.
             Slain by Grinder (4 damage)
             ... on level 5 of the Dungeon.
             The game lasted 00:06:10 (5087 turns).

Banto the Spawn of Chaos (Formicid Abyssal Knight)  Turns: 5087, Time: 00:06:10

Health: 0/52       AC:  8    Str: 16    XL:     7   Next: 82%
Magic:  11/11      EV: 14    Int: 12    God:    Makhleb [......]
Gold:   329        SH:  0    Dex: 12    Spells: 6/6 levels left

rFire    . . .     SeeInvis +   a - +1 mace
rCold    + . .     Gourm    +   (no shield)
rNeg     . . .     Faith    .   b - +2 ring mail {rC+}
rPois    .         Spirit   .   (helmet unavailable)
rElec    .         Reflect  .   (no cloak)
rCorr    .         Harm     .   (no gloves)
MR       .....                  (no boots)
Stlth    +.........             d - amulet of the gourmand
HPRegen  0.17/turn              q - +4 ring of evasion
MPRegen  0.12/turn              (no ring)

@: no status effects
A: permanent stasis, dig shafts and tunnels, four strong arms, antennae 3
a: Dig, Shaft Self, Renounce Religion


You were on level 5 of the Dungeon.
You worshipped Makhleb.
Makhleb was noncommittal.
You were very full.

You visited 2 branches of the dungeon, and saw 6 of its levels.
You visited the Abyss 1 time.

You collected 329 gold pieces.

Inventory:

Hand Weapons
 a - a +1 mace (weapon)
 u - a +0 morningstar
Armour
 b - a +2 ring mail of cold resistance (worn)
Jewellery
 d - an amulet of the gourmand (around neck)
 q - a +4 ring of evasion (left hand)
 y - an uncursed ring of protection from fire {unknown}
Wands
 v - a wand of acid (8)
Scrolls
 e - 2 scrolls of magic mapping {unknown}
 f - 3 scrolls of amnesia {unknown}
 i - a scroll of teleportation {unknown}
 l - 4 scrolls of remove curse {unknown}
 m - a scroll of blinking {unknown}
 o - a scroll of fear {unknown}
 p - a scroll of immolation {unknown}
 x - a scroll of fog {unknown}
Potions
 g - a potion of resistance
 n - a potion of flight
 r - a potion of brilliance
 s - 2 potions of heal wounds
 t - 2 potions of degeneration {unknown}
 z - a potion of haste {unknown}
Comestibles
 c - 8 rations {!d}


   Skills:
 - Level 3.2 Fighting
 + Level 4.9 Maces & Flails
 + Level 5.4 Armour
 - Level 0.8 Dodging
 + Level 5.9 Invocations


You had 6 spell levels left.
You didn't know any spells.
Your spell library was empty.

Dungeon Overview and Level Annotations

Branches:
Dungeon (5/12)             Temple (1/1) D:4

Altars:
Cheibriados
Dithmenos
Elyvilon
Fedhas
Gozag
Kikubaaqudgha
Lugonu
Makhleb
Nemelex Xobeh
Okawaru
Qazlal
Ru
Sif Muna
Trog
Uskayaw
Vehumet
Wu Jian
Xom
Yredelemnul
The Shining One

Shops:
D:4 *

Annotations:
D:5 Grinder


Innate Abilities, Weirdness & Mutations

You cannot be hasted, slowed, berserked, paralysed or teleported.
You can dig through walls and to a lower floor.
Your four strong arms can wield two-handed weapons with a shield.
You have a pair of large antennae on your head. (SInv)


Message History

You swing at nothing.
Grinder hits you but does no damage.
You swing at nothing.
Grinder hits you but does no damage.
You swing at nothing.
You feel less wooden.
Your +2 ring mail of cold resistance unmelds from your body.
You feel resistant to cold. Grinder gestures at you.
You resist with some effort.
You swing at nothing.
Grinder barely misses you. Grinder hits you!
You writhe in agony.
You swing at nothing.
Grinder hits you but does no damage.
You swing at nothing.
Grinder hits you.
You writhe in agony.
* * * LOW HITPOINT WARNING * * *
You swing at nothing.
Grinder gestures at you. You resist with some effort.
You swing at nothing.
Grinder hits you!
* * * LOW HITPOINT WARNING * * *
You writhe in agony.
You die...

##...........#.#
#..#..#..#...#.#
#.###...###..#.#
#..#..#..#...#.#
##...###.....#.#
##.## ##...##.#
#####...###...##..#
......#..#..#..#5##
####.###...###.#@#
#..#.....#..#†#
##.[......)...#
####.#.....###
.####### # {


You could see Grinder.

Vanquished Creatures
  Sigmund (D:4)
  A sky beast (D:5)
  2 howler monkeys (D:4)
  A hound (D:5)
  Jessica (D:2)
  2 worker ants (D:4)
  A hound skeleton (D:4)
  4 gnolls
  6 adders
  An ooze (D:1)
  2 adder skeletons (D:4)
  3 worms
  A dart slug (D:3)
  10 orcs
  2 bats (D:1)
  8 hobgoblins
  17 jackals
  8 kobolds
  2 quokkas
  A ball python (D:3)
  2 frilled lizards
  10 goblins
  A quokka skeleton (D:3)
  4 rats
91 creatures vanquished.

Notes
Turn   | Place    | Note
-------+----------+-------------------------------------------
     0 | Abyss:1  | Banto the Formicid Abyssal Knight began the quest for the
                  | Orb.
     0 | Abyss:1  | Reached XP level 1. HP: 18/18 MP: 2/2
     0 | Abyss:1  | Found a corrupted altar of Lugonu.
    15 | D:1      | Escaped the Abyss
   239 | D:1      | Reached XP level 2. HP: 11/24 MP: 4/4
   857 | D:1      | Reached XP level 3. HP: 29/29 MP: 5/5
  1235 | D:2      | Noticed Jessica
  1238 | D:2      | Killed Jessica
  1238 | D:2      | Reached XP level 4. HP: 32/35 MP: 6/6
  1474 | D:2      | Reached ** piety under Lugonu
  2505 | D:3      | Found a faded altar of an unknown god.
  2537 | D:3      | Reached XP level 5. HP: 39/41 MP: 7/7
  3305 | D:4      | Noticed Sigmund
  3335 | D:4      | Killed Sigmund
  3335 | D:4      | Reached XP level 6. HP: 15/47 MP: 9/9
  3340 | D:3      | Reached *** piety under Lugonu
  3957 | D:3      | Reached skill level 5 in Invocations
  4287 | D:4      | Reached XP level 7. HP: 43/52 MP: 10/10
  4373 | D:4      | Reached skill level 5 in Armour
  4386 | D:4      | Found Gozag's Platinum Reserve.
  4388 | D:4      | Found an opulent altar of Gozag.
  4525 | D:4      | Found a staircase to the Ecumenical Temple.
  4700 | Temple   | Entered the Ecumenical Temple
  4847 | Temple   | Fell from the grace of Lugonu
  4847 | Temple   | Became a worshipper of Makhleb the Destroyer
  4873 | D:5      | Entered Level 5 of the Dungeon
  5052 | D:5      | Noticed Grinder
  5087 | D:5      | Slain by Grinder

Skill      XL: |  1  2  3  4  5  6  7 |
---------------+----------------------+-----
Invocations    | 3 4 5 |  5.9
Armour         | 3 4 5 |  5.4
Maces & Flails | 3 4 |  4.9
Fighting       | |  3.2
Dodging        | |  0.8

Action                   |  1- 3 |  4- 6 |  7- 9 || total
-------------------------+-------+-------+-------++-------
Melee: Mace              |    37 |   219 |   130 ||   386
  Use: Scroll            |       |     1 |     5 ||     6
       Potion            |       |       |     1 ||     1
  Eat: Chunk             |     7 |    16 |     3 ||    26
Armor: Leather armour    |     3 |       |       ||     3
       Ring mail         |     4 |    86 |    53 ||   143
       Skin              |       |       |    18 ||    18
Dodge: Dodged            |    23 |   146 |   104 ||   273
